 Dungeon Crawl Stone Soup version 0.17-a0-1515-gfae3d72 (webtiles) character file.

505 namelastname112 the Cutter (level 6, -7/51 HPs)
             Began as a Draconian Skald on July 12, 2015.
             Mangled by a goblin
             ... wielding a +2 dagger of electrocution
              (17 damage)
             ... on level 5 of the Dungeon.
             The game lasted 00:08:03 (3539 turns).

namelastname112 the Cutter (Draconian Skald)        Turns: 3539, Time: 00:08:03

Health: -7/51      AC:  8    Str: 14    XL:     6   Next: 96%
Magic:  9/9        EV: 11    Int: 12    God:
Gold:   155        SH:  0    Dex: 13    Spells: 1 memorised, 8 levels left

rFire  . . .     SeeInvis .     s - +3 dagger (elec)
rCold  + . .     Clarity  .     (armour unavailable)
rNeg   . . .     SustAt   .     (no shield)
rPois  .         Gourm    +     w - +2 hat
rElec  .         Spirit   .     (no cloak)
rCorr  .         Warding  .     (no gloves)
rMut   .         Stasis   .     (no boots)
MR     .....                    j - amulet of the gourmand
Stlth  ++........               A - -2 ring of evasion (curse)
                                p - ring of protection from cold

@: not resistant to hostile enchantments, unstealthy
A: unfitting armour, cold-blooded, AC +6
a: no special abilities


You were on level 5 of the Dungeon.
You were hungry.

You visited 1 branch of the dungeon, and saw 5 of its levels.

You collected 155 gold pieces.

Inventory:

Hand weapons
 s - a +3 dagger of electrocution (weapon)
Missiles
 f - 31 poisoned needles
Armour
 w - a +2 hat (worn)
Jewellery
 j - an amulet of the gourmand (around neck)
 p - a ring of protection from cold (left hand)
 q - an uncursed ring of wizardry
 A - a cursed -2 ring of evasion (right hand)
Magical devices
 i - a wand of paralysis (9)
Scrolls
 d - a scroll of fog
 k - a scroll of amnesia
 l - a scroll of enchant weapon
Potions
 e - a potion of agility
 t - a potion of curing {unknown}
 x - a potion of heal wounds {unknown}
Books
 b - a book of Battle

   Spells                             Type                      Level
   a - Infusion                       Charms                       1
   b - Shroud of Golubria             Charms/Translocation         2
   c - Song of Slaying                Charms                       2
   d - Spectral Weapon                Hexes/Charms                 3
   e - Regeneration                   Charms/Necromancy            3
 n - a book of the Dragon

   Spells                             Type                      Level
   a - Flame Tongue                   Conjuration/Fire             1
   b - Cause Fear                     Hexes                        4
   c - Bolt of Fire                   Conjuration/Fire             6
   d - Dragon Form                    Transmutation                7
   e - Dragon's Call                  Summoning                    9
 o - a book of Beasts

   Spells                             Type                      Level
   a - Summon Butterflies             Summoning                    1
   b - Call Canine Familiar           Summoning                    3
   c - Summon Ice Beast               Ice/Summoning                4
   d - Summon Mana Viper              Hexes/Summoning              5
   e - Summon Hydra                   Summoning                    7
Comestibles
 a - a royal jelly
 c - 6 bread rations
 h - 3 meat rations
 m - a slice of pizza
 u - 2 fruits


   Skills:
 + Level 3.5 Fighting
 * Level 4.7 Short Blades
 + Level 3.1 Dodging
 * Level 3.9 Stealth
 - Level 2.0 Spellcasting
 - Level 2.6 Charms


You had 8 spell levels left.
You knew the following spells:

 Your Spells              Type           Power        Failure   Level  Hunger
a - Infusion              Chrm           #.....       12%         1    ##.....


Dungeon Overview and Level Annotations

Branches:
Dungeon (5/15)
 Temple: D:4-7

Altars:
Ashenzari
Fedhas
Gozag
Yredelemnul


Innate Abilities, Weirdness & Mutations

Your plain brown scales are hard (AC +6).
Your body does not fit into most forms of armour.
You are cold-blooded and may be slowed by cold attacks.


Message History

The ogre is heavily wounded.
The ogre hits you with a giant club!!
You completely miss the ogre.
The ogre is heavily wounded.
The ogre barely misses you.
You hit the ogre.
The ogre is severely wounded.
The goblin hits you but does no damage.
You hit the ogre.
The ogre is almost dead.
The ogre hits you with a giant club!
* * * LOW HITPOINT WARNING * * *
The goblin hits you but does no damage.
You completely miss the goblin.
Press: ? - help, v - describe, . - travel
Here: a goblin, wielding a dagger of electrocution The floor, spattered with blood.
Unknown command.
The goblin hits you but does no damage.
You are electrocuted!
You die...

#####
#...###..#
#.##.##########
###.#...##
#.##.# #...###
##.##.# ##..#
#..##.# #...#
#.###.# #..##
#.# #.# ...#
##.# #.#.#
##..# #.#..
#.@##
..##.###g##
#....O# ##...##
#..... ........
##.......#
#.......#
#.%.....#


You could see an ogre and a goblin.

Vanquished Creatures
  A scorpion (D:4)
  4 orc wizards
  A giant frog skeleton (D:5)
  An orc priest (D:4)
  2 worker ants (D:4)
  An iguana (D:5)
  A worker ant zombie (D:5)
  6 adders
  3 gnolls (D:4)
  2 oozes
  4 worms
  10 orcs
  13 bats
  A bat skeleton (D:4)
  7 goblins
  7 hobgoblins
  6 jackals
  7 kobolds
  2 ball pythons
  3 giant cockroaches
  4 giant newts
  A jackal skeleton (D:4)
  4 quokkas
  A quokka skeleton (D:4)
  8 rats
  A spectral orc (D:3)
101 creatures vanquished.

Notes
Turn   | Place    | Note
--------------------------------------------------------------
     0 | D:1      | namelastname112 the Draconian Skald began the quest for the Orb.
     0 | D:1      | Reached XP level 1. HP: 17/17 MP: 3/3
    38 | D:1      | Found a shattered altar of Ashenzari.
   135 | D:1      | Reached XP level 2. HP: 24/24 MP: 5/5
   298 | D:1      | Reached skill level 1 in Stealth
   506 | D:2      | You fall through a shaft for 2 floors!
   750 | D:4      | Reached XP level 3. HP: 21/30 MP: 6/6
   837 | D:4      | Found a blossoming altar of Fedhas.
   892 | D:3      | HP: 1/30 [orc wizard/magic dart (10)]
   899 | D:3      | HP: 1/30 [orc wizard/dagger (1)]
   908 | D:3      | Reached XP level 4. HP: 2/37 MP: 5/7
  1194 | D:3      | Found an opulent altar of Gozag.
  1241 | D:3      | Reached skill level 3 in Short Blades
  1349 | D:3      | Found a basalt altar of Yredelemnul.
  1858 | D:2      | Reached XP level 5. HP: 38/44 MP: 8/8
  2809 | D:4      | Noticed a scorpion
  2819 | D:4      | Killed a scorpion
  2819 | D:4      | Reached skill level 4 in Short Blades
  2819 | D:4      | Reached XP level 6. HP: 45/51 MP: 9/9
  3293 | D:5      | Entered Level 5 of the Dungeon
  3539 | D:5      | Mangled by a goblin

Vault maps used:
D:1:      tarquinn_simple_flora_water_a, evilmike_ruin_ashenzari
D:3:      yredelemnul_forgotten_temple_becter, grunt_gozag_breadcrumbs,
          first_bread
D:4:      old_standard_altar, minmay_door_square

Action                   |  1- 3 |  4- 6 || total
-------------------------+-------+-------++-------
Melee: Short sword       |    99 |       ||    99
       Dagger            |       |   217 ||   217
  Use: Potion            |     3 |       ||     3
       Scroll            |       |     8 ||     8
 Stab: Invisible         |     4 |       ||     4
       Sleeping          |       |     6 ||     6
  Eat: Chunk             |       |     8 ||     8
